Map: Pillars of Gold LE

Players

Stats - Winner!

  • Race: Protoss Protoss
  • Spawn Location: 7:00

soul

  • Race: Terran Terran
  • Spawn Location: 1:00

Event: StayAtHome Story Cup #3

VOD

Have the link to the VOD?

Description

Time

  • Played on: March 13, 2021, 9:38 a.m.
  • Length: 30:32

All games in this series

Show
View Real Time Build Order
Export as new Build Order

Stats Protoss - Winner!

Build Orders: 1 Gate Expand, Phoenix Opening, Colossus Rush 

Get SALT Encoding   

  12  0:00  Probe  
  13  0:12  Probe  
  14  0:18  Pylon  
  14  0:24  Probe (Chrono Boost)  
  15  0:37  Probe (Chrono Boost)  
  15  0:39  Gateway  
  16  0:45  Probe (Chrono Boost)  
  16  0:48  Assimilator  
  17  0:51  Probe  
  18  1:03  Probe  
  19  1:15  Probe  
  20  1:26  Cybernetics Core  
  22  1:36  Nexus  
  22  1:38  Probe  
  21  1:46  Pylon  
  21  1:50  Assimilator  
  21  1:53  Probe  
  22  2:01  Adept (Chrono Boost)  
  22  2:06  Probe  
  25  2:18  Probe  
  25  2:21  Stargate  
  26  2:23  Adept (Chrono Boost)  
  28  2:30  Probe  
  28  2:36  Warp Gate  
  30  2:45  Probe (Chrono Boost)  
  30  2:47  Adept  
  30  2:48  Probe (Chrono Boost)  
  33  2:57  Probe (Chrono Boost)  
  35  2:58  Probe (Chrono Boost)  
  34  3:06  Probe, Phoenix  
  34  3:09  Probe (Chrono Boost)  
  39  3:20  Pylon  
  39  3:21  Probe (Chrono Boost)  
  39  3:24  Probe (Chrono Boost)  
  40  3:28  Probe (Chrono Boost)  
  40  3:31  Probe (Chrono Boost), Phoenix  
  44  3:36  Gateway  
  44  3:37  Probe  
  45  3:42  Probe  
  45  3:47  Robotics Facility  
  46  3:49  Probe, Assimilator  
  46  3:54  Probe  
  48  3:56  Phoenix (Chrono Boost)  
  48  4:00  Pylon  
  50  4:03  Probe  
  50  4:07  Probe  
  50  4:09  Pylon  
  52  4:16  Probe  
  53  4:17  Phoenix (Chrono Boost)  
  53  4:19  Probe  
  53  4:23  Assimilator  
  55  4:28  Probe  
  55  4:31  Probe  
  57  4:38  Phoenix (Chrono Boost)  
  57  4:41  Immortal  
  57  4:45  Probe x2  
  65  4:52  Pylon  
  67  5:05  Nexus, Robotics Bay  
  65  5:07  Probe x2 (Chrono Boost)  
  67  5:19  Probe x2 (Chrono Boost)  
  67  5:20  Forge  
  67  5:21  Observer  
  70  5:22  Twilight Council  
  70  5:27  Probe x2 (Chrono Boost)  
  72  5:33  Probe  
  72  5:34  Probe, Pylon  
  74  5:46  Probe x2, Sentry  
  74  5:49  Colossus (Chrono Boost)  
  78  5:51  Protoss Ground Weapons Level 1 (Chrono Boost)  
  78  5:54  Pylon  
  84  5:58  Probe x2, Pylon  
  84  6:01  Charge  
  84  6:04  Observer  
  86  6:11  Pylon  
  86  6:12  Probe x2  
  86  6:17  Probe  
  86  6:18  Extended Thermal Lance  
  89  6:21  Assimilator  
  89  6:23  Assimilator  
  89  6:28  Probe x2  
  89  6:29  Probe  
  92  6:33  Colossus (Chrono Boost)  
  98  6:40  Probe x2  
  98  6:41  Probe  
  98  6:42  Pylon  
  98  6:46  Gateway  
  101  6:49  Gateway  
  101  6:53  Phoenix  
  103  6:59  Probe  
  104  7:02  Gateway  
  104  7:04  Gateway  
  104  7:07  Gateway  
  104  7:08  Gateway  
  104  7:09  Gateway  
  104  7:13  Gateway  
  104  7:14  Templar Archives  
  104  7:16  Pylon  
  104  7:19  Colossus (Chrono Boost)  
  110  7:24  Phoenix (Chrono Boost)  
  112  7:30  Pylon  
  112  7:32  Forge  
  112  7:35  Shield Battery  
  112  7:44  Probe  
  112  7:45  Phoenix  
  115  7:55  Protoss Ground Weapons Level 2 (Chrono Boost), Nexus  
  115  7:56  Pylon  
  115  7:59  Blink  
  115  8:01  Pylon  
  115  8:05  Protoss Ground Armor Level 1 (Chrono Boost)  
  115  8:07  High Templar x2  
  115  8:09  Zealot x3  
  125  8:13  Archon  
  125  8:16  Probe x3, Colossus (Chrono Boost)  
  134  8:28  Probe x3  
  137  8:37  Pylon  
  137  8:38  High Templar x2  
  137  8:39  Pylon  
  137  8:40  Probe x3  
  144  8:42  Archon  
  144  8:52  Zealot x3  
  144  8:55  High Templar x2, Zealot x3  
  154  8:59  Archon  
  154  9:02  Warp Prism  
  162  9:17  Robotics Facility  
  162  9:19  Robotics Facility  
  162  9:34  Nexus  
  162  9:38  Pylon  
  160  9:39  Observer (Chrono Boost)  
  160  9:41  Gravitic Boosters  
  160  9:44  Zealot x10  
  181  9:58  Probe x4  
  185  10:03  Protoss Ground Armor Level 2 (Chrono Boost)  
  185  10:04  Gateway  
  185  10:06  Gateway  
  185  10:09  Dark Shrine  
  185  10:10  Probe x4  
  185  10:11  Observer, Gateway x2  
  185  10:12  Observer, Protoss Ground Weapons Level 3 (Chrono Boost)  
  191  10:21  Gateway  
  191  10:28  Probe x2, Gateway x2  
  191  10:29  Probe x2, Shield Battery  
  191  10:31  Photon Cannon  
  191  10:32  Gateway, Disruptor  
  191  10:35  Disruptor  
  199  10:36  Gateway  
  199  10:44  Photon Cannon  
  199  10:46  Photon Cannon  
  199  10:48  Photon Cannon  
  199  10:50  Shield Battery  
  199  11:03  Observer  
  198  11:09  Cybernetics Core  
  198  11:10  Disruptor x3  
  199  11:16  Protoss Air Weapons Level 1  
  199  11:28  Shadow Stride  
  199  11:35  Pylon  
  199  11:36  Assimilator  
  199  11:38  Pylon, Assimilator  
  199  11:40  Assimilator  
  199  11:41  Assimilator  
  199  11:42  Photon Cannon x2  
  199  11:44  Photon Cannon x2  
  199  11:45  Shield Battery  
  199  11:46  Shield Battery  
  199  11:48  Photon Cannon  
  199  11:52  Observer  
  199  11:54  Stargate, Fleet Beacon  
  199  11:55  Nexus  
  199  11:57  Pylon, Stargate  
  199  11:59  Stargate  
  199  12:05  Protoss Air Armor Level 1  
  199  12:09  Observer, Pylon  
  197  12:23  Protoss Ground Armor Level 3 (Chrono Boost)  
  197  12:24  Observer x2  
  183  12:40  Protoss Shields Level 1 (Chrono Boost)  
  172  13:34  Photon Cannon  
  172  13:35  Photon Cannon  
  172  13:36  Psionic Storm  
  172  13:37  Observer x2, Photon Cannon, Protoss Air Weapons Level 2  
  172  13:38  Observer  
  172  13:40  Shield Battery  
  175  13:41  Shield Battery  
  175  13:43  Shield Battery  
  175  13:44  Shield Battery  
  175  13:46  Photon Cannon  
  175  13:49  Photon Cannon  
  175  13:50  Assimilator  
  175  13:55  Photon Cannon  
  175  13:56  Assimilator  
  175  13:57  Photon Cannon  
  175  13:59  Photon Cannon  
  175  14:00  Shield Battery, Dark Templar  
  175  14:01  Shield Battery  
  177  14:03  Shield Battery  
  177  14:07  Photon Cannon  
  177  14:08  Photon Cannon  
  177  14:18  Protoss Air Armor Level 2 (Chrono Boost)  
  177  14:21  High Templar x2  
  179  14:27  High Templar x2  
  179  14:28  High Templar  
  179  14:41  Protoss Shields Level 2 (Chrono Boost)  
  179  14:51  Zealot x7  
  183  15:24  Observer  
  183  15:26  Pylon, Nexus  
  183  15:27  High Templar  
  186  15:28  High Templar  
  188  15:36  Stalker x5  
  188  15:37  Stalker  
  200  16:00  Shield Battery  
  200  16:02  Shield Battery  
  195  16:05  Shield Battery x2  
  195  16:06  Photon Cannon  
  195  16:07  Photon Cannon, Shield Battery  
  195  16:08  Photon Cannon  
  195  16:10  Photon Cannon  
  193  16:15  Tempest  
  198  16:19  Photon Cannon  
  198  16:20  Shield Battery  
  198  16:23  Pylon  
  198  16:27  Protoss Air Weapons Level 3 (Chrono Boost)  
  198  16:31  Stargate  
  198  16:38  Stargate  
  198  16:43  High Templar  
  198  16:44  Photon Cannon, Stargate, Assimilator  
  198  16:47  Stargate  
  200  16:49  Shield Battery  
  200  16:50  Assimilator  
  194  16:57  Tempest (Chrono Boost)  
  194  17:00  Protoss Shields Level 3 (Chrono Boost)  
  199  17:03  Observer  
  196  17:18  Tempest x2 (Chrono Boost)  
  198  17:36  Tempest (Chrono Boost)  
  198  17:45  Shield Battery  
  198  17:48  Pylon  
  198  17:54  Cybernetics Core  
  189  18:48  Protoss Air Armor Level 3 (Chrono Boost), Stalker x5  
  199  19:00  Photon Cannon  
  187  19:13  Tempest  
  193  19:18  Mothership  
  196  19:26  Observer  
  196  19:27  Observer  
  198  19:34  Dark Templar x6  
  198  19:35  Dark Templar  
  192  19:40  Tempest  
  169  20:06  Tempest x5  
  169  20:07  Tempest x2  
  194  20:25  Dark Templar x2  
  185  20:38  Tempest  
  172  20:49  Tempest x2  
  178  21:00  Dark Templar x4  
  178  21:03  Stalker x6  
  178  21:04  Stalker  
  196  21:51  Stalker x2  
  188  22:05  Dark Templar  
  178  22:22  Mothership  
  185  22:30  Carrier (Chrono Boost)  
  185  22:31  Carrier x2 (Chrono Boost)  
  197  22:43  Pylon  
  197  22:49  Pylon  
  197  22:57  Pylon, Nexus  
  197  23:00  Pylon x2  
  197  23:03  Carrier x3 (Chrono Boost)  
  197  23:04  Carrier (Chrono Boost)  
  186  23:17  Archon  
  186  23:18  Carrier (Chrono Boost)  
  192  23:30  Carrier (Chrono Boost)  
  192  23:36  Photon Cannon, Carrier  
  192  23:37  Photon Cannon  
  192  23:39  Photon Cannon  
  192  23:41  Photon Cannon  
  198  23:43  Shield Battery  
  198  23:44  Shield Battery  
  198  23:46  Shield Battery  
  198  23:47  Shield Battery  
  198  23:55  Photon Cannon  
  198  24:58  Assimilator  
  198  25:09  Warp Prism (Chrono Boost)  
  198  25:11  Photon Cannon  
  174  26:10  Stalker x7  
  174  26:11  Stalker  
  190  26:13  Stalker  
  190  26:14  Stalker  
  190  26:17  Stalker  
  190  26:18  Stalker x2  
  179  26:24  Carrier (Chrono Boost)  
  179  26:25  Carrier x3 (Chrono Boost)  
  157  26:26  Carrier x2 (Chrono Boost), Stalker x2  
  157  26:31  Carrier (Chrono Boost)  
  157  26:32  Carrier (Chrono Boost)  
  146  27:10  Dark Templar x2  
  150  27:18  Carrier (Chrono Boost)  
  150  27:19  Carrier x2 (Chrono Boost)  
  185  27:23  Carrier (Chrono Boost)  
  185  27:24  Carrier (Chrono Boost)  
  185  27:25  Carrier x3 (Chrono Boost)  
  195  28:20  Carrier  
  195  28:29  Observer  
  199  28:54  Nexus  
  199  28:59  Dark Templar  
Show
View Real Time Build Order
Export as new Build Order

soul Terran 

Build Orders:  

Get SALT Encoding   

  12  0:00  SCV  
  13  0:12  SCV  
  14  0:18  Supply Depot  
  14  0:25  SCV  
  15  0:39  SCV  
  15  0:41  Barracks  
  16  0:46  Refinery  
  16  0:51  SCV  
  17  1:03  SCV  
  18  1:16  SCV  
  19  1:29  Orbital Command, Marine  
  20  1:43  Command Center  
  20  1:49  Reaper  
  21  1:56  Supply Depot  
  21  1:58  SCV  
  22  2:10  SCV  
  22  2:11  Factory  
  23  2:22  SCV  
  24  2:24  Bunker  
  24  2:28  Barracks Reactor  
  24  2:32  Refinery  
  24  2:34  SCV  
  25  2:46  SCV  
  26  2:56  Hellion  
  26  2:57  Orbital Command  
  28  2:58  SCV  
  28  3:01  Starport  
  28  3:05  Marine  
  28  3:08  Marine  
  28  3:12  SCV  
  31  3:23  SCV, Marine  
  31  3:24  SCV  
  34  3:31  Marine  
  35  3:35  SCV  
  35  3:36  SCV  
  35  3:37  Factory Tech Lab  
  35  3:38  Viking  
  39  3:42  Marine  
  39  3:47  SCV  
  41  3:49  SCV  
  41  3:51  Supply Depot  
  42  3:56  Cyclone  
  42  3:59  SCV  
  42  4:00  Supply Depot  
  46  4:13  SCV x2  
  46  4:23  Command Center  
  45  4:25  SCV x2  
  45  4:31  Cyclone  
  50  4:33  Marine x2  
  50  4:36  Viking  
  50  4:37  SCV x2  
  56  4:44  Supply Depot  
  56  4:49  SCV x2  
  56  4:51  Marine  
  59  4:54  Barracks  
  59  4:56  Barracks  
  59  5:01  SCV x2  
  59  5:06  Supply Depot  
  61  5:07  Starport Tech Lab  
  61  5:08  Siege Tank, Supply Depot  
  61  5:12  Refinery  
  61  5:13  SCV  
  61  5:14  Refinery  
  65  5:17  SCV  
  65  5:18  Marine  
  65  5:20  Marine  
  68  5:25  SCV  
  69  5:29  SCV  
  69  5:33  Engineering Bay  
  69  5:35  Engineering Bay  
  70  5:37  Orbital Command, SCV  
  70  5:41  SCV, Starport Reactor  
  72  5:44  Barracks Tech Lab  
  72  5:48  Siege Tank  
  75  5:50  SCV, Marine  
  75  5:51  Marine  
  75  5:53  Stimpack  
  78  5:58  SCV  
  78  6:00  Terran Infantry Armor Level 1, Terran Infantry Weapons Level 1  
  78  6:03  Missile Turret  
  79  6:07  Orbital Command  
  79  6:08  Combat Shield  
  79  6:09  Marine x3  
  81  6:19  Barracks  
  81  6:20  Barracks  
  81  6:22  Siege Tank  
  81  6:24  Missile Turret  
  81  6:25  SCV  
  85  6:29  Marine  
  85  6:30  Marauder x2  
  90  6:36  Supply Depot  
  90  6:37  SCV x2  
  92  6:43  Marine  
  92  6:45  SCV  
  92  6:46  Medivac  
  95  6:51  Marauder x2  
  95  6:52  Medivac  
  95  6:53  SCV  
  100  6:58  Supply Depot  
  100  7:00  SCV, Supply Depot  
  101  7:01  Supply Depot  
  101  7:03  SCV  
  101  7:05  SCV  
  101  7:08  Bunker  
  103  7:12  SCV  
  103  7:13  Supply Depot  
  103  7:14  Armory  
  104  7:16  Barracks Reactor, SCV  
  104  7:17  Barracks Tech Lab  
  104  7:20  SCV  
  106  7:24  Siege Tank  
  106  7:26  SCV  
  110  7:30  SCV, Supply Depot x2  
  110  7:32  SCV  
  110  7:36  Refinery x2, Concussive Shells, Medivac  
  114  7:38  SCV  
  114  7:41  Marauder  
  114  7:42  SCV, Marauder  
  121  7:44  SCV  
  121  7:50  SCV  
  121  7:51  Marauder, Marine  
  124  7:54  SCV, Supply Depot  
  124  7:56  SCV, Supply Depot  
  127  8:02  SCV  
  127  8:05  Terran Infantry Weapons Level 2, Command Center  
  128  8:06  SCV  
  128  8:10  SCV  
  128  8:11  Ghost Academy  
  130  8:13  Siege Tank  
  130  8:14  Medivac  
  130  8:18  Medivac  
  137  8:20  Supply Depot  
  137  8:22  Marine, Supply Depot  
  137  8:23  Marauder  
  137  8:26  Marauder  
  141  8:30  Marauder  
  141  8:33  Terran Vehicle Weapons Level 1  
  143  8:34  Marine  
  143  8:35  Marine x2  
  143  8:38  SCV x2  
  148  8:42  Terran Infantry Armor Level 2  
  148  8:44  Marine  
  148  8:45  Marauder  
  148  8:47  SCV, Marauder  
  154  8:52  Marauder  
  154  8:54  Supply Depot  
  154  8:55  Supply Depot  
  156  8:57  SCV  
  156  8:59  Refinery  
  156  9:01  Refinery  
  156  9:02  SCV  
  158  9:03  Enhanced Shockwaves, Siege Tank  
  158  9:06  SCV  
  162  9:13  Viking x2  
  164  9:18  SCV  
  164  9:22  Ghost  
  162  9:24  SCV  
  162  9:26  SCV  
  162  9:29  Ghost  
  162  9:31  Marine x2  
  166  9:33  Marine x3  
  166  9:34  SCV  
  163  9:42  SCV  
  163  9:45  Refinery  
  164  9:49  Marine  
  164  9:50  Ghost, Planetary Fortress  
  164  9:51  SCV  
  168  9:55  SCV  
  168  9:58  SCV  
  170  10:00  Sensor Tower  
  170  10:05  SCV  
  170  10:06  Ghost  
  170  10:07  Missile Turret x2  
  173  10:08  Marauder, Marine x3  
  173  10:11  SCV  
  173  10:12  SCV  
  180  10:15  Missile Turret  
  180  10:17  SCV  
  180  10:20  Marauder  
  183  10:23  SCV  
  183  10:28  Ghost, Sensor Tower  
  183  10:30  Viking  
  183  10:31  Viking  
  188  10:36  Command Center  
  188  10:39  Barracks  
  188  10:41  Barracks, Personal Cloaking  
  188  10:43  Barracks  
  188  10:44  Siege Tank  
  190  11:01  Command Center  
  190  11:03  Marine  
  189  11:07  SCV x2  
  189  11:08  SCV  
  187  11:16  Siege Tank  
  188  11:19  SCV x2  
  188  11:21  Starport, SCV, Terran Ship Weapons Level 1  
  188  11:22  Fusion Core  
  188  11:23  Terran Infantry Weapons Level 3  
  191  11:31  SCV x2, Command Center  
  193  11:34  Barracks Tech Lab x2  
  193  11:35  Barracks Tech Lab  
  193  11:40  Liberator x2  
  199  11:49  Missile Turret  
  199  11:52  Command Center  
  199  11:54  Ghost Academy  
  199  11:59  Terran Infantry Armor Level 3  
  199  12:07  Nuke  
  199  12:22  Advanced Ballistics, Starport Reactor, Missile Turret  
  199  12:23  Missile Turret  
  199  12:24  Sensor Tower  
  199  12:27  Refinery x2  
  199  12:28  Missile Turret  
  198  12:40  Orbital Command  
  198  12:43  Orbital Command  
  198  12:46  Planetary Fortress  
  198  12:47  Command Center  
  198  12:48  Nuke  
  198  12:49  Command Center  
  198  12:58  Missile Turret  
  198  12:59  Missile Turret  
  198  13:00  Viking  
  198  13:01  Viking  
  200  13:09  Orbital Command  
  195  13:25  Liberator  
  195  13:29  Ghost x2  
  188  13:45  Terran Ship Weapons Level 2  
  188  13:47  Armory  
  188  13:53  Starport, Viking x3  
  188  13:55  Starport x2  
  194  13:59  Ghost  
  194  14:08  Viking  
  194  14:09  Neosteel Armor  
  196  14:11  Orbital Command  
  196  14:13  Orbital Command  
  196  14:20  Weapon Refit  
  196  14:23  Viking  
  196  14:37  Starport Tech Lab x3  
  193  14:39  Terran Vehicle And Ship Armor Level 1  
  193  14:55  Starport  
  189  15:00  Command Center  
  189  15:02  Nuke, Command Center  
  189  15:04  Battlecruiser x2  
  195  15:27  Command Center  
  195  15:29  Command Center  
  195  15:51  Nuke  
  195  15:56  Nuke  
  189  16:04  Battlecruiser  
  189  16:07  Starport Tech Lab  
  189  16:08  Battlecruiser  
  190  16:16  Battlecruiser  
  196  16:24  Terran Ship Weapons Level 3  
  191  16:43  Battlecruiser  
  191  16:44  Terran Vehicle And Ship Armor Level 2  
  190  17:05  Planetary Fortress  
  190  17:08  Battlecruiser  
  190  17:11  Nuke  
  190  17:12  Battlecruiser  
  190  17:14  Refinery  
  190  17:15  Command Center  
  200  17:20  Refinery  
  200  17:21  Missile Turret  
  200  17:25  Planetary Fortress  
  200  17:39  Orbital Command  
  200  17:47  Hi-Sec Auto Tracking  
  200  18:06  Missile Turret  
  200  18:17  Battlecruiser  
  200  18:42  Planetary Fortress  
  200  18:52  Command Center  
  200  18:54  Ghost, Command Center  
  190  19:15  Ghost x2  
  198  19:21  Terran Vehicle And Ship Armor Level 3  
  198  19:22  Terran Vehicle Weapons Level 2  
  192  19:34  Viking  
  192  19:35  Viking x4  
  192  19:36  Viking x2  
  192  19:37  Ghost, Battlecruiser  
  196  19:38  Orbital Command  
  191  20:05  Battlecruiser  
  197  20:08  Nuke  
  197  20:11  Command Center  
  194  20:18  Viking  
  175  20:37  Battlecruiser  
  175  20:38  Battlecruiser  
  175  20:40  Ghost  
  175  20:41  Battlecruiser  
  189  21:03  Nuke x2  
  189  21:09  Battlecruiser  
  178  21:41  Battlecruiser  
  178  21:43  Battlecruiser  
  178  21:45  Battlecruiser  
  196  22:01  Viking x2  
  182  22:13  Battlecruiser  
  182  22:15  Viking  
  139  22:42  Starport  
  138  22:46  Battlecruiser  
  138  22:47  SCV x4, Battlecruiser  
  138  22:48  SCV x3  
  163  22:51  Missile Turret  
  151  23:13  Refinery, Ghost x3  
  151  23:18  Refinery, Battlecruiser  
  161  23:22  SCV x9  
  161  23:24  Missile Turret  
  162  23:33  Orbital Command  
  156  23:34  SCV x6  
  156  23:35  Planetary Fortress  
  156  23:37  SCV x3  
  165  23:45  Planetary Fortress, Missile Turret  
  165  23:46  SCV x3  
  165  23:47  Refinery, SCV x3  
  165  23:49  SCV  
  165  23:51  SCV  
  167  24:05  Battlecruiser  
  167  24:06  Orbital Command  
  173  24:12  Missile Turret  
  173  24:13  Missile Turret x2  
  169  24:17  Battlecruiser  
  169  24:19  SCV x9  
  184  24:24  Missile Turret  
  184  24:31  SCV x2  
  186  24:45  Missile Turret  
  186  24:47  Refinery x2  
  186  24:48  Command Center  
  192  24:58  Viking  
  187  25:13  Orbital Command  
  186  25:23  Ghost  
  186  25:27  Ghost  
  185  25:30  Ghost x2  
  183  25:55  Ghost  
  185  26:04  Refinery x2  
  185  26:06  Battlecruiser  
  175  26:22  Ghost  
  175  26:23  Ghost  
  155  26:26  Viking  
  155  26:27  Orbital Command  
  129  26:33  Marine x7  
  129  26:34  Marauder  
  118  26:50  SCV x5  
  118  26:51  Marine x2  
  118  26:52  Marauder x3  
  131  26:56  Marauder  
  133  27:05  Marine  
  133  27:06  Marine x3  
  137  27:12  Liberator x2  
  153  27:29  Marauder, Marine  
  151  27:30  Marauder x3, Marine x5  
  157  27:40  Orbital Command  
  152  27:47  Marine x5  
  152  27:48  Marine  
  152  27:51  Marauder x2, Marine  
  145  28:05  SCV x9  
  153  28:06  SCV  
  155  28:17  SCV x2  
  139  28:21  Medivac  
  139  28:22  Medivac x3  
  146  28:28  Viking  
  147  28:38  Missile Turret x2  
  147  28:39  Marine x10, Missile Turret x2  
  147  28:40  Missile Turret  
  156  28:43  SCV  
  156  28:44  SCV x2  
  156  28:45  SCV  
  156  28:47  Refinery  
  159  28:50  Refinery  
  159  28:55  Missile Turret x2  
  158  28:57  SCV, Marine x10  
  158  28:58  Missile Turret  
  169  29:09  SCV  
  127  29:15  Marine x10  
  127  29:16  SCV  
  84  29:33  Marine x10  
  84  29:50  Marine  
  84  29:51  Marine x7  
Tags
 
Add a new tag
Caveats
  • Supply blocks, unpowered buildings, or Contaminate may cause inaccurate times.
  • Supply counts are checked every 10 seconds.